[Event "Match/Team URS-World 20,5-19,5"]
[Site "Belgrade"]
[Date "1970.04.02"]
[Round "3.1"]
[White "Spassky, Boris Vasilievich"]
[Black "Larsen, Bent"]
[Result "0-1"]
[ECO "E12"]
[WhiteElo "2670"]
[BlackElo "2650"]
[Annotator "Spassky/Larsen"]
[PlyCount "76"]
[EventDate "1970.03.29"]
[EventType "team"]
[EventRounds "4"]
[EventCountry "YUG"]
[SourceTitle "MCL"]
[Source "ChessBase"]
[SourceDate "1999.07.01"]
[SourceVersion "1"]
[SourceVersionDate "1999.07.01"]
[SourceQuality "1"]
[WhiteTeam "Soviet Union"]
[BlackTeam "World"]
[WhiteTeamCountry "URS"]
[TimeControl "40/9000:16/5400:0"]

1. d4 Nf6 2. c4 e6 3. Nf3 b6 4. Nc3 Bb7 5. Bg5 Be7 6. e3 O-O (6... Ne4 {
Spassky=:S}) 7. Bd3 c5 8. O-O Nc6 $2 {S/ ?! Larsen=:L} (8... cxd4 9. exd4 d5 {S
}) (8... h6 9. Bh4 Nc6 {L}) (8... d5 9. Qe2 Nc6 10. Rad1 cxd4 11. exd4 Nb4 12.
Bb1 dxc4 13. Ne5 Nbd5 14. Rfe1 Rc8 15. Qf3 Nxc3 16. Qxc3 Nd5 17. Qh3 f5 18. Bc1
Bg5 19. Qg3 Bxc1 20. Rxc1 Rf6 21. Qh4 b5 22. a4 a6 23. axb5 axb5 24. Bc2 Nb4
25. Re3 Nxc2 26. Rxc2 Rh6 27. Qxd8+ Rxd8 28. Rd2 Rh4 29. g4 fxg4 30. Ra3 Rh5
31. Re3 Rf5 32. Nxg4 Ra8 33. Kf1 Rf4 34. h3 Ra1+ 35. Ke2 h5 36. Ne5 Bg2 37. f3
Bxh3 38. Rc3 {Janowski,D-Yates,F Semmering 1926 1/2-1/2 (72)}) 9. d5 Nb4 (9...
exd5 10. cxd5 Nxd5 11. Bxh7+ $16 {L}) 10. d6 Bxd6 11. Bxh7+ (11. Bxf6 gxf6 (
11... Qxf6 $4 12. Be4 $18) 12. Bxh7+ Kxh7 13. Qxd6 $142 $16 {L}) 11... Kxh7 12.
Qxd6 Bxf3 13. gxf3 Ne8 $1 {S} 14. Qe7 $1 {S/L} (14. Qg3 f6 $13) (14. Qxf8 Qxg5+
15. Kh1 Qh5 16. Rg1 Qxf3+ 17. Rg2 g6 $13 {L}) (14. Bxd8 Nxd6 15. Be7 Nxc4 16.
Bxf8 Rxf8 $44 {S}) 14... Qxe7 15. Bxe7 Rg8 (15... Rh8 {P g8 S}) 16. Rfd1 Nc6
17. Rxd7 Ne5 18. Rb7 Nxc4 19. Ne4 $1 {S/L} Na5 (19... Nxb2 20. Bxc5 {S} (20.
Ng5+ Kg6 21. Kh1 $40 {L})) 20. Rd7 Nc6 21. f4 Rc8 22. Rc1 (22. Rad1 Rc7 23. Bh4
{S}) 22... a5 (22... Rc7 23. Rxc7 Nxc7 24. Bxc5 {S/L}) (22... Nxe7 23. Rxe7 Rc7
24. Rxc7 Nxc7 25. b4 {S/L}) 23. a3 Kg6 $6 {L} (23... Nxe7 24. Rxe7 Rc7 {L}) 24.
Kg2 Rh8 (24... Nxe7 $142 {L}) 25. Kf3 (25. Rg1 Nxe7 26. Kf3+ Kh6 27. Rxe7 Rc7
28. Rxc7 Nxc7 29. Nd6 Rf8 30. Nc4 Rb8 31. Rd1 {S}) 25... Rxh2 26. Ng5 (26. Bf8
Kh7 27. Rxf7 Kg8 28. Ng5 Nd8 $1 {S}) 26... e5 $1 {S} 27. Rg1 exf4 28. Bd6 $1 {S
} Nxd6 29. Rxd6+ f6 30. Ne6+ Kf5 (30... Kh7 {S}) 31. Nxf4 {P 32.e4 e5 33. d5# S
} (31. Nxg7+ Ke5 32. Re6+ (32. Rgd1 $2 Nd4+ $1) 32... Kd5 $15 {L} 33. Rd1+ Kc4
34. Nf5 Kb3 {S}) 31... Ne5+ 32. Ke2 Re8 $1 {S ? L} (32... g5 $4 33. Nd5 $16 {
S/L}) (32... Nc4 $1 $10 33. Rd5+ Ke4 34. Rxg7 Nxe3 (34... Re8) 35. Re7+ {L})
33. Rxb6 (33. Ne6 $1 {L} Rxe6 (33... Nc4 34. Nxg7+ Ke5 35. Nxe8 Nxd6 $14 {L})
34. e4+ Kxe4 35. Rxe6 {S}) 33... Nc4 {P e3 S} 34. Rb3 g5 35. Nd5 Re5 36. Rd1 (
36. Rc1 Nd6 {L}) 36... g4 37. Kf1 $4 {S/L} (37. Nb6 Nxb6 $10 (37... a4 $1 38.
Nxc4 (38. Nxa4 g3 39. Kf3 (39. Rf1 Nd6 40. Nc3 Kg4) 39... g2 40. Rbd3 Re4)
38... axb3 39. Nxe5 fxe5 $19 {P g3, c3 L})) 37... Rh1+ 38. Ke2 Rxd1 0-1

[Event "EU-chT (Men) 21st"]
[Site "Heraklion"]
[Date "2017.11.06"]
[Round "9.2"]
[White "Parligras, Mircea Emilian"]
[Black "Salgado Lopez, Ivan"]
[Result "1-0"]
[ECO "E12"]
[WhiteElo "2616"]
[BlackElo "2629"]
[Annotator "Sukandar,I"]
[PlyCount "75"]
[EventDate "2017.10.28"]
[EventType "team-swiss"]
[EventRounds "9"]
[EventCountry "GRE"]
[SourceTitle "CBM 182"]
[Source "ChessBase"]
[SourceDate "2018.01.17"]
[SourceVersion "1"]
[SourceVersionDate "2018.01.17"]
[SourceQuality "1"]
[WhiteTeam "Romania"]
[BlackTeam "Spain"]
[WhiteTeamCountry "ROU"]
[BlackTeamCountry "ESP"]
[TimeControl "40/5400+30:1800+30"]

{In this game, I will not comment much about the openings, but here I just
wanted to show you how White smoothly carried out his attacking plan while
being attacked himself. An example of the importance of calculation!} 1. d4 Nf6 2. c4 e6 3. Nf3 b6 4. Bf4 Bb4+ 5. Nfd2 Nh5 6. Bg3 Nxg3 7. hxg3 Bb7 8.
e3 Bf8 9. Nc3 g6 10. Qc2 Bg7 11. O-O-O Qe7 12. Kb1 d6 13. Rh2 Nd7 14. Be2 a6 15. Bf3 c6 16. g4 Rb8 17. Be2 Rc8 18. f4 c5 19. dxc5 $6 (19. d5 $1 exd5 (19...
O-O 20. dxe6 fxe6 21. Nde4) 20. Bf3 O-O (20... Qxe3 $2 21. g3 )
21. g5 Qxe3 22. Bxd5 Bxc3 23. Bxb7 Rc7 24. Rh3 Qe7 25. Qxc3 Rxb7 26. Rxh7 $18)
19... Nxc5 20. Bf3 Bxf3 (
20... b5 21. Bxb7 Nxb7 22. Rdh1 Kf8) 21. gxf3 b5 22. cxb5 axb5 23. Nxb5 O-O 24. Nc4 Rb8 25. Nbxd6
$16 {[%emt 0:01:32] Besides being two pawns up, White also has an initiative
directed against Black's king on the h-file. However, Black has also tried to
create counterplay on the opposite side of the board, therefore White still
had to be careful.} Qa7 26. Rdh1 Na4 27. Rxh7 Rfd8 (27... Rxb2+ $2
{would not work because of} 28. Nxb2 Nc3+ 29. Kc1 Qxe3+ 30. Qd2 Nxa2+ 31. Kc2
Qxd2+ 32. Kxd2 Bxb2 33. g5 $16) 28. Qh2 Nc3+ 29. Kc1 (29. Ka1 $4 {would be a rookie mistake.} Qxa2#) 29...
Nxa2+ 30. Kd1 ({Always avoid the king being
checked. Do not play} 30. Kd2 $2 {because} Rxb2+ 31. Nxb2 Rxd6+ 32. Nd3 Rxd3+
33. Kxd3 Qa6+ 34. Kd2 Bc3+ 35. Kc2 Qa4+ 36. Kd3 Qb5+ 37. Kc2 Qa4+ $11 {Forced
draw.}) 30... Nc3+ {[%emt 0:01:04] Desperate check.} 31. Kc2 {[%emt 0:08:09]
Oddly enough, the king is safe in the centre.} Qa4+ 32. Kd3 Rxd6+ 33. Nxd6 Qa6+ 34. Nc4 Rd8+ 35. Kc2 {[%emt 0:00:05]
The king always had a precise escaping square for every check.} Kf8 (35... Qa4+ 36. b3 Qa2+ 37. Nb2 {and it's over.}) 36. Rxg7 Qxc4 (36... Qa4+ 37. Kxc3) 37. Qh8+ Ke7 38. Rxf7+ 1-0